Map: Bel'Shir Vestige LE (Void)

Players

Musumeci - Winner!

  • Race: Zerg Zerg
  • League: Diamond
  • Spawn Location: 5:00

ChessaR

  • Race: Terran Terran
  • League: Diamond
  • Spawn Location: 11:00

VOD

Have the link to the VOD?

Description

Time

  • Played on: Feb. 11, 2017, 2:26 p.m.
  • Length: 5:43
Show
View Real Time Build Order
Export as new Build Order

Musumeci Zerg - Winner!

Build Orders: Pool First 

Get SALT Encoding   

  12  0:01  Drone  
  13  0:10  Drone  
  14  0:26  Drone, Extractor  
  15  0:33  Spawning Pool  
  14  0:42  Overlord  
  14  0:46  Extractor  
  14  0:47  Drone  
  15  1:25  Hatchery  
  14  1:33  Zergling x6  
  17  1:46  Hatchery  
  16  1:49  Zergling x2  
  17  1:55  Zergling x2  
  18  2:06  Zergling x2  
  19  2:18  Zergling x2  
  19  2:38  Queen, Zergling x2  
  20  2:55  Zergling x2  
  21  3:01  Queen  
  21  3:02  Zergling x2  
  21  3:04  Zergling x2  
  23  3:09  Zergling x2  
  22  3:21  Queen  
  22  3:24  Zergling x2  
  22  3:25  Zergling x2  
  22  3:26  Zergling x2  
  25  3:47  Zergling x10  
  24  4:16  Zergling x6  
  22  4:27  Queen  
  22  4:28  Zergling x8  
  24  4:47  Zergling x6  
  24  4:51  Queen  
  26  5:00  Zergling x2  
  26  5:03  Zergling x12  
  30  5:16  Zergling x2  
Show
View Real Time Build Order
Export as new Build Order

ChessaR Terran 

Build Orders: Reaper Expand 

Get SALT Encoding   

  12  0:00  SCV  
  13  0:12  SCV  
  14  0:17  Supply Depot  
  14  0:24  SCV  
  15  0:38  SCV  
  15  0:40  Barracks  
  16  0:43  Refinery  
  16  0:50  SCV  
  17  1:03  SCV  
  18  1:15  SCV  
  19  1:28  Reaper  
  19  1:29  Orbital Command  
  20  1:34  Bunker  
  20  1:50  Command Center  
  20  1:55  SCV  
  21  2:04  Factory  
  21  2:09  Supply Depot  
  21  2:11  SCV  
  22  2:25  Barracks Reactor  
  22  2:27  Barracks  
  22  3:00  Supply Depot  
  20  3:10  Reaper  
  20  3:11  Orbital Command  
  20  3:25  Reaper  
Tags
 
Add a new tag
Caveats
  • Supply blocks, unpowered buildings, or Contaminate may cause inaccurate times.
  • Supply counts are checked every 10 seconds.